Map: Echo LE

Players

AcerBly (Bly) - Winner!

  • Race: Zerg Zerg
  • Spawn Location: 5:00

Highblade

  • Race: Zerg Zerg
  • Spawn Location: 11:00

Event: LycanGTV LotV Beta Tournament 1

VOD

Have the link to the VOD?

Description

Time

  • Played on: April 2, 2015, 12:37 p.m.
  • Length: 6:17

All games in this series

Show
View Real Time Build Order
Export as new Build Order

AcerBly Zerg - Winner!

Build Orders: Hatch First, Zergling Baneling 

Get SALT Encoding   

  12  0:07  Overlord  
  12  0:13  Drone  
  13  0:16  Drone  
  14  0:26  Drone  
  15  0:32  Drone  
  16  0:49  Hatchery  
  15  0:52  Drone  
  16  0:58  Drone  
  17  1:05  Extractor  
  17  1:10  Drone  
  17  1:14  Spawning Pool  
  17  1:18  Drone  
  17  1:30  Drone  
  18  1:41  Drone  
  19  1:54  Overlord  
  19  2:01  Queen  
  19  2:02  Queen  
  19  2:04  Zergling x4  
  25  2:10  Drone  
  25  2:11  Metabolic Boost  
  26  2:21  Drone x2  
  28  2:26  Drone  
  28  2:31  Zergling x2  
  28  2:34  Zergling x2  
  27  2:37  Queen  
  27  2:39  Zergling x2  
  30  2:44  Baneling Nest  
  30  2:47  Zergling x2  
  27  2:57  Zergling x2  
  27  2:58  Zergling x2  
  27  3:08  Zergling x4  
  28  3:13  Zergling x2  
  28  3:23  Zergling x6  
  31  3:27  Baneling  
  31  3:28  Baneling x3  
  31  3:30  Baneling x2  
  31  3:38  Overlord  
  31  3:43  Baneling  
  31  3:49  Overlord  
  31  4:08  Hatchery  
  31  4:09  Baneling x2  
  30  4:12  Zergling x2  
  30  4:14  Zergling x2  
  32  4:24  Zergling x4  
  32  4:25  Zergling x2  
  33  4:33  Zergling x4  
  30  4:55  Zergling x6  
  31  5:03  Zergling x6  
  33  5:12  Zergling x4  
  35  5:19  Zergling x2  
  36  5:25  Baneling  
  36  5:26  Baneling x3  
  36  5:29  Zergling x2  
  36  5:30  Zergling x2  
  38  5:40  Baneling x4  
  38  5:41  Baneling x2  
  38  5:44  Zergling x10  
  38  5:46  Zergling x2  
Show
View Real Time Build Order
Export as new Build Order

Highblade Zerg 

Build Orders: Pool First 

Get SALT Encoding   

  12  0:09  Extractor  
  11  0:21  Spawning Pool  
  11  0:25  Drone  
  11  0:35  Drone x2  
  13  0:50  Overlord  
  13  1:11  Metabolic Boost  
  13  1:14  Queen  
  15  1:27  Zergling x4  
  15  1:28  Zergling x2  
  18  1:42  Zergling x2  
  19  1:53  Overlord  
  19  2:02  Zergling x2  
  20  2:15  Hatchery, Zergling x2  
  20  2:24  Zergling x2  
  20  2:25  Zergling x4  
  23  2:43  Zergling x2  
  23  2:44  Zergling x4  
  23  3:03  Zergling x8  
  25  3:14  Zergling x2  
  25  3:16  Queen  
  28  3:23  Zergling x2  
  29  3:29  Overlord  
  29  3:32  Queen  
  31  3:42  Drone  
  31  3:43  Drone  
  33  3:57  Spine Crawler  
  32  4:13  Zergling x2  
  32  4:14  Overlord, Zergling x4  
  29  4:38  Drone x3  
  24  4:51  Zergling x2  
  24  4:52  Zergling x12  
  27  4:57  Zergling x2  
  27  4:58  Zergling x2  
  24  5:13  Queen  
  24  5:17  Spine Crawler  
  23  5:25  Drone x2  
  25  5:40  Zergling x8  
  27  5:59  Zergling x2  
  27  6:00  Zergling x6  

Tags
 
Add a new tag
Caveats
  • Supply blocks, unpowered buildings, or Contaminate may cause inaccurate times.
  • Supply counts are checked every 10 seconds.